 Dungeon Crawl Stone Soup version 0.27-a0-978-g2aa4ecdaef (webtiles) character file.

Game seed: 1679794217896850079

705 porpoise the Skirmisher (level 7, -6/54 HPs)
             Began as a Djinni Venom Mage on Apr 15, 2021.
             Mangled by Edmund
             ... wielding a +2 dire flail of protection
              (13 damage)
             ... on level 4 of the Dungeon.
             The game lasted 00:17:31 (5863 turns).

porpoise the Skirmisher (Djinni Venom Mage)         Turns: 5863, Time: 00:17:33

Health: -6/54      AC:  4    Str:  7    XL:     7   Next: 67%
Gold:   49         EV: 12    Int: 19    God:
                   SH:  0    Dex: 13

rFire    + + .     SeeInvis .   a - +2 whip (elec)
rCold    x . .     Faith    .   (no shield)
rNeg     . . .     Spirit   .   v - +0 robe
rPois    ∞         Reflect  .   k - +0 helmet
rElec    .         Harm     .   p - +0 cloak
rCorr    +         Rampage  .   (no gloves)
Will     .....                  (boots unavailable)
Stlth    ++........             (no amulet)
HPRegen  0.18/turn              d - ring of resist corrosion
MPRegen  0.00/turn              (no ring)

@: flying
A: fire resistance 2, cold vulnerability 1, float, innate caster, hp casting,
extra vitality 1
a: no special abilities


You were on level 4 of the Dungeon.
You visited 1 branch of the dungeon, and saw 4 of its levels.

You collected 121 gold pieces.
You spent 72 gold pieces at shops.

Inventory:

Hand Weapons
 a - a +2 whip of electrocution (weapon)
 b - a +0 hunting sling
Missiles
 e - 16 poisoned darts
 l - 87 arrows
 q - 8 sling bullets
 s - 69 stones
 w - 4 boomerangs
Armour
 k - a +0 helmet (worn)
 p - a +0 cloak (worn)
 v - a +0 robe (worn)
Jewellery
 d - a ring of resist corrosion (left hand)
Wands
 u - a wand of digging (2)
Scrolls
 c - a scroll of blinking {unknown}
 g - 3 scrolls of identify {unknown}
 h - 2 scrolls of teleportation {unknown}
 j - 2 scrolls of vulnerability {unknown}
 m - a scroll of fear {unknown}
 n - a scroll of fog {unknown}
 t - a scroll of amnesia {unknown}
Potions
 f - a potion of flight {unknown}
 i - 3 potions of curing
 o - 2 potions of brilliance {unknown}
 r - a potion of haste {unknown}


   Skills:
 + Level 5.6 Fighting
 - Level 2.1 Dodging
 - Level 1.5 Stealth
 + Level 5.5 Spellcasting


You couldn't memorise any spells.
You knew the following spells:

 Your Spells              Type           Power      Damage    Failure   Level
a - Sting                 Tmut/Pois      100%       1d8       1%          1
b - Poisonous Vapours     Pois/Air       52%        N/A       1%          2
i - Ignite Poison         Fire/Tmut/Pois 26%        N/A       3%          3
m - Mephitic Cloud        Conj/Pois/Air  26%        N/A       3%          3
o - Olgreb's Toxic Radia  Pois           26%        N/A       12%         4
p - Beastly Appendage     Tmut           52%        N/A       1%          1
s - Searing Ray           Conj           52%        3d5       1%          2
w - Wereblood             Tmut           26%        N/A       1%          2
Your spell library was empty.

Dungeon Overview and Level Annotations

Branches:
Dungeon (4/15)
 Temple: D:4-7

Altars:
Zin

Shops:
D:1 [*[[(   D:2 *

Annotations:
D:4 Edmund


Innate Abilities, Weirdness & Mutations

You are immune to poison.
Your flesh is very heat resistant. (rF++)
You are vulnerable to cold. (rC-)
You float through the air rather than walking.
You learn spells naturally, not from books.
Your magical power is your life essence.
You have superior vitality. (+4 HP)


Message History

Confirm with . or Enter, or press ? or * to list all spells.
You begin to radiate toxic energy.
Edmund is poisoned.
Edmund looks even sicker.
Sigmund looks even sicker.
Edmund drinks a potion.
Edmund is healed!
Edmund looks more healthy.
Sigmund is engulfed in blazing flames.
Unknown command.
Casting: Olgreb's Toxic Radiance (dangerous; 14% risk of failure)
Confirm with . or Enter, or press ? or * to list all spells.
You ignite the poison in your surroundings!
Sigmund seems to burn from within!!
You kill Sigmund!
Edmund is poisoned.
Your toxic aura wanes.
Casting: Ignite Poison (dangerous; 3% risk of failure)
Confirm with . or Enter, or press ? or * to list all spells.
You ignite the poison in your surroundings!
Edmund seems to burn from within!
Edmund is moderately wounded.
Unknown command.
Casting: Ignite Poison (dangerous; 3% risk of failure)
Confirm with . or Enter, or press ? or * to list all spells.
You begin to radiate toxic energy.
Edmund is poisoned.
Casting: Olgreb's Toxic Radiance (dangerous; 12% risk of failure)
Confirm with . or Enter, or press ? or * to list all spells.
You ignite the poison in your surroundings!
Edmund seems to burn from within.
Edmund is heavily wounded.
Edmund is poisoned.
Your toxic aura wanes.
Edmund hits you with a +2 dire flail of protection!
* * * LOW HITPOINT WARNING * * *
Okay, then.
Casting: Ignite Poison (dangerous; 3% risk of failure)
Confirm with . or Enter, or press ? or * to list all spells.
You ignite the poison in your surroundings!
Edmund seems to burn from within!
Edmund is almost dead.
* * * LOW HITPOINT WARNING * * *
Edmund hits you with a +2 dire flail of protection!
You die...

##...##
##.##
#.# #.#
#.# #.#
#.#
#.######
#..>.@)#
######@#
#)# .).
##)##
... #)#
.)) ...


You could see Edmund.

Vanquished Creatures
  Sigmund (D:4)
  An ogre (D:3)
  A centaur zombie (D:4)
  Crazy Yiuf (D:2)
  An orc priest (D:4)
  Jessica (D:3)
  Ijyb (D:3)
  Natasha (thrice) (D:2)
  An iguana (D:4)
  3 orc wizards
  Robin (D:3)
  3 adders (D:2)
  A dart slug (D:3)
  13 orcs
  6 endoplasms
  2 giant cockroaches (D:1)
  19 goblins
  7 hobgoblins
  6 jackals
  2 quokkas (D:1)
  6 ball pythons
  6 bats
  3 frilled lizards
  6 kobolds
  3 rats
98 creatures vanquished.

Notes
Turn   | Place    | Note
-------+----------+-------------------------------------------
     0 | D:1      | porpoise the Djinni Venom Mage began the quest for the Orb.
     0 | D:1      | Reached XP level 1. HP: 15/15 MP: 0/0
   154 | D:1      | Found Monuc's Antique Armour Shop.
   285 | D:1      | Found Jiafuta's Armour Emporium.
   366 | D:1      | Found Gucygol's Antique Weapon Boutique.
   396 | D:1      | Reached skill level 1 in Fighting
   396 | D:1      | Reached XP level 2. HP: 20/22 MP: 0/0
  1284 | D:1      | Found Tudaim's Antique Armour Shoppe.
  1486 | D:1      | Reached XP level 3. HP: 19/27 MP: 0/0
  1486 | D:1      | Learned a level 1 spell: Beastly Appendage
  1961 | D:1      | Found Tuatuf's General Store.
  1972 | D:1      | Found a faded altar of an unknown god.
  2377 | D:2      | Noticed Natasha
  2392 | D:2      | Killed Natasha
  2393 | D:2      | Reached XP level 4. HP: 27/34 MP: 0/0
  2551 | D:2      | Noticed Natasha
  2558 | D:2      | Killed Natasha
  2638 | D:2      | Noticed Natasha
  2644 | D:2      | Killed Natasha
  2645 | D:2      | Reached XP level 5. HP: 17/40 MP: 0/0
  2645 | D:2      | Learned a level 2 spell: Searing Ray
  3755 | D:2      | Found Caytug's Assorted Antiques.
  3760 | D:2      | Bought a lumpy red potion for 17 gold pieces
  3760 | D:2      | Bought a scroll labelled QYKHLI ERHAIKH for 19 gold pieces
  3760 | D:2      | Bought a scroll labelled ASEF YH USO for 19 gold pieces
  3760 | D:2      | Bought a lumpy red potion for 17 gold pieces
  3958 | D:2      | Found a glowing silver altar of Zin.
  4086 | D:2      | Found a runed translucent door.
  4087 | D:2      | Noticed Crazy Yiuf
  4094 | D:2      | Killed Crazy Yiuf
  4804 | D:3      | Noticed an ogre
  4808 | D:3      | Killed an ogre
  4809 | D:3      | Reached XP level 6. HP: 35/47 MP: 0/0
  4809 | D:3      | Noticed Jessica
  4813 | D:3      | Killed Jessica
  4885 | D:3      | Noticed Ijyb
  4888 | D:3      | Killed Ijyb
  5301 | D:3      | Noticed Robin
  5303 | D:3      | Killed Robin
  5683 | D:4      | Reached skill level 5 in Spellcasting
  5683 | D:4      | Reached XP level 7. HP: 42/53 MP: 0/0
  5683 | D:4      | Learned a level 2 spell: Wereblood
  5690 | D:4      | Reached skill level 5 in Fighting
  5853 | D:4      | Noticed Sigmund
  5857 | D:4      | Noticed Edmund
  5859 | D:4      | Killed Sigmund
  5863 | D:4      | Mangled by Edmund

Illustrated notes

Levels and vault maps discovered:
D:1:      dpeg_arrival_water_fire, layout_loops_corners, serial_shops, shop,
          nicolae_shop_overgrown_old_shop,
          nicolae_shop_temple_entry_statues_fountains, nicolae_shop_crystal,
          shop, ebering_ecumenical_altar_rust, grunt_decor_arrowhead
D:2:      layout_loops_ring, basic_altar, serial_shops, nicolae_shop_stone,
          amcnicky_mini_pool_small, grunt_ministairs_8, uniq_natasha,
          uniq_crazy_yiuf_cottage
D:3:      layout_loops_ring, uniq_robin, uniq_ijyb, uniq_jessica
D:4:      layout_loops_ring, lemuel_mausoleum_altar_kikubaaqudgha,
          nicolae_uskayaw_dance_hall, serial_shops, kennysheep_mini_moat,
          st_stairs_4, uniq_blork_the_orc, uniq_pikel, uniq_edmund,
          uniq_sigmund, uniq_menkaure

Skill      XL: |  1  2  3  4  5  6  7 |
---------------+----------------------+-----
Fighting       | 1 2 3 4 5 |  5.6
Spellcasting   | 3 4 5 |  5.5
Dodging        | |  2.1
Stealth        | |  1.5

Action                   |  1- 3 |  4- 6 |  7- 9 || total
-------------------------+-------+-------+-------++-------
Melee: Spear             |    40 |       |       ||    40
       Whip              |    14 |    35 |     1 ||    50
       Headbutt          |       |     1 |       ||     1
 Fire: Hunting sling     |       |    33 |       ||    33
 Cast: Sting             |    26 |    14 |       ||    40
       Poisonous Vapours |     7 |    22 |     4 ||    33
       Ignite Poison     |       |    12 |     7 ||    19
       Searing Ray       |       |     2 |     2 ||     4
       Mephitic Cloud    |       |     1 |     1 ||     2
       Beastly Appendage |       |     1 |       ||     1
       Olgreb's Toxic Ra |       |     3 |     2 ||     5
 Stab: Sleeping          |     3 |       |       ||     3
Armor: Robe              |     5 |     8 |     2 ||    15
Dodge: Dodged            |    44 |    29 |     8 ||    81

Table legend: (Time is in decaauts)
 A = Elapsed time spent in this place.
 B = Non-inter-level travel time spent in this place.
 C = Inter-level travel time spent in this place.
 D = Time resting spent in this place.
 E = Time spent auto-exploring this place.
 F = Levels seen in this place.
 G = Mean time per level.
                   A        B        C        D        E       F      G
               +--------+--------+--------+--------+--------+-----+--------+
         Total |   5873 |   5800 |     73 |   3174 |   2052 |   4 | 1468.2 |
       Dungeon |   5873 |   5800 |     73 |   3174 |   2052 |   4 | 1468.2 |
               +--------+--------+--------+--------+--------+-----+--------+

Top non-repeatable levels by time:
     D:2: 2336 daAuts
     D:1: 2172 daAuts
     D:3: 1164 daAuts
     D:4: 199 daAuts
